[Event "*** Titled Tuesday Blitz"]
[Site "Chess.com"]
[Date "2020.05.05"]
[Round "5"]
[White "Guenplen"]
[Black "IMTominho"]
[Result "1-0"]
[WhiteElo "2952"]
[BlackElo "2787"]
[TimeControl "180+1"]
[EndTime "10:58:33 PDT"]
[Termination "Guenplen won by resignation"]

1. d4 d5 2. Bf4 Nf6 3. e3 c5 4. c3 Nc6 5. Nd2 g6 6. Ngf3 Bg7 7. Be2 O-O 8. h3 Nd7 9. O-O e5 10. dxe5 Ndxe5 11. Nxe5 Nxe5 12. Nf3 Nc6 13. Qb3 Na5 14. Qa4 Be6 15. Rad1 Nc6 16. Rd2 h6 17. Rfd1 Qb6 18. Qb5 Qxb5 19. Bxb5 Rfc8 20. Bd6 a6 21. Be2 b6 22.
Bg3 Kf8 23. Ne1 Na5 24. Bf1 Ke7 25. Nc2 Ra7 26. f3 f5 27. Re1 g5 28. Bd3 Kf7 29.
Bf1 Re8 30. Red1 Bf6 31. Na3 b5 32. Nc2 Nc4 33. Bxc4 bxc4 34. Bd6 Rc8 35. e4 dxe4 36. fxe4 fxe4 37. Ne3 Rd7 38. Bg3 Rxd2 39. Rxd2 h5 40. Bh2 Rc6 41. Rd6 Rxd6 42. Bxd6 Be7 43. Be5 Bf6 44.
Bd6 Be7 45. Be5 a5 46. Kh2 a4 47. a3 Bf6 48. Bd6 Be7 49. Be5 Kg6 50. g3 h4 51. g4 Kf7 52. Kg2 Bf6 53. Bd6 Be7 54. Be5 Ke8 55. Kf2 Kd7 56. Ke2 Bd6 57.
Bxd6 Kxd6 58. Nf1 Ke5 59. Ke3 Bd7 60. Nd2 Bc6 61. Nxc4+ Kd5 62. Nd2 c4 63. Nxe4 Ke5 64. Nxg5 Bg2 65. Nf3+ Kd5 66. Nxh4 Bxh3 67. g5 Ke5 68.
Nf3+ Kf5 69. Nd2 1-0

[Event "*** Titled Tuesday Blitz"]
[Site "Chess.com"]
[Date "2020.05.05"]
[Round "5"]
[White "OK97"]
[Black "Happy1712Drummer"]
[Result "1-0"]
[WhiteElo "2723"]
[BlackElo "2539"]
[TimeControl "180+1"]
[EndTime "10:58:35 PDT"]
[Termination "OK97 won by resignation"]

1. e4 e6 2. d4 d5 3. Nc3 Bb4 4. Bd3 c5 5. exd5 exd5 6. dxc5 Nf6 7. Ne2 O-O 8. O-O Bxc5 9. Bg5 Be6 10. Nf4 Nc6 11.
Ncxd5 Bxd5 12. Nxd5 Qxd5 13. Bxf6 Qe6 14. Qh5 g6 15. Qh4 Rfe8 16. Bc3 Bf8 17. Rfe1 Qd6 18. Rad1 Rxe1+ 19. Rxe1 Rd8 20. h3 Bg7 21. Bxg7 Kxg7 22. a3 Qf6 23. Qxf6+ Kxf6 24. f4 h5 25. g4 hxg4 26.
hxg4 Nd4 27. g5+ Kg7 28. Re7 Rc8 29. c3 Ne6 30. f5 Nxg5 31. fxg6 Kf6 32. Rxb7 fxg6 33.
Rxa7 Nf3+ 34. Kf2 Ne5 35. Be2 Rh8 36. a4 Kg5 37. a5 Kf4 38. Re7 Rh2+ 39. Ke1 g5 40. a6 g4 41. a7 Rh8 42. Bxg4 Nxg4 43. b4 Ne5 44. b5 Nc4 45. Rb7 Ke3 46. Re7+ Kd3 47. Rc7 Ke3 48. Kf1 Kf3 49. Rf7+ Ke3 50. Kg2 Kd3 51. Rc7 Ra8 52. Rxc4 Kxc4 53. b6 Rg8+ 54. Kf3 Rf8+ 55. Ke4 Re8+ 56. Kf5 Rf8+ 57.
Ke6 Rg8 58. b7 Rg6+ 59. Kf5 Ra6 60. b8=Q Ra5+ 61. Ke6 Rd5 62. a8=Q Rc5 63. Qc8 Kd3 64. Qxc5 Kc2 65. c4 Kc3 66. Qcc6 1-0

[Event "*** Titled Tuesday Blitz"]
[Site "Chess.com"]
[Date "2020.05.05"]
[Round "5"]
[White "sergeikim"]
[Black "Phenix2k"]
[Result "0-1"]
[WhiteElo "2468"]
[BlackElo "2309"]
[TimeControl "180+1"]
[EndTime "10:58:35 PDT"]
[Termination "Phenix2k won by checkmate"]

1. d4 Nf6 2. c4 g6 3. Nc3 Bg7 4. e4 d6 5. Nge2 O-O 6. Ng3 e5 7. d5 a5 8. Bd3 Na6 9. O-O Nc5 10. Bc2 Bd7 11. h3 h5 12. Bg5 Qe8 13. Qd2 Nh7 14. Bh6 h4 15. Nge2 f5 16. Bxg7 Kxg7 17. exf5 gxf5 18.
f4 e4 19. Nd4 Qg6 20. Rae1 Kh8 21. Nd1 Nf6 22. Ne3 Nh5 23. Ne2 Rg8 24. Qd4+ Kh7 25. b3 Rg7 26. Rf2 Rag8 27. a3 Qf7 28. b4 axb4 29.
axb4 Na6 30. c5 dxc5 31. bxc5 Qf6 32. c6 bxc6 33. dxc6 Qxc6 34. Bb3 Rd8 35. Rc1 Qb6 36. Qxb6 cxb6 37. Nd5 Rb8 38. Nd4 Nc5 39. Bc4 b5 40.
Bf1 Ng3 41. Rxc5 Nxf1 42. Kxf1 b4 43. Rb2 b3 44. Rxb3 Ra8 45. Rb2 Ra4 46. Nb5 Ra1+ 47. Kf2 Be6 48. Nd4 Bxd5 49. Rxd5 Ra3 50. Rxf5 e3+ 51.
Kf3 e2+ 52. Ke4 e1=Q+ 53. Re2 Qb1+ 54. Ke5 Ra5+ 55. Kf6 Rxf5+ 56. Nxf5 Qb6+ 57. Re6 Qd8+ 58. Ne7 Rg6+ 59. Kf7 Rxe6 60. Kxe6 Qd2 61. f5 Qxg2 62. f6 Qxh3+ 63. Kf7 Qb3+ 64. Kf8 h3 65. f7 h2 66. Ng8 h1=Q 67. Nf6+ Kg6 68. Ne8 Qxf7# 0-1

[Event "*** Titled Tuesday Blitz"]
[Site "Chess.com"]
[Date "2020.05.05"]
[Round "5"]
[White "Irina_Barchuk"]
[Black "Tashik"]
[Result "0-1"]
[WhiteElo "2203"]
[BlackElo "2468"]
[TimeControl "180+1"]
[EndTime "10:58:35 PDT"]
[Termination "Tashik won on time"]

1. e4 e5 2. Nf3 Nc6 3. d4 exd4 4. Bc4 Nf6 5. e5 d5 6. Bb5 Ne4 7. Nxd4 Bd7 8. Bxc6 bxc6 9. O-O Be7 10. Nd2 Nxd2 11.
Qxd2 O-O 12. Nb3 Bf5 13. Qc3 Qd7 14. Be3 f6 15. Bd4 fxe5 16. Bxe5 Bd6 17. Rae1 Rae8 18. Qd4 Bxc2 19. Bxd6 cxd6 20. Rxe8 Rxe8 21. Na5 Bg6 22. h3 Bf7 23. Qa4 Rc8 24. Rc1 Be8 25. Qb3 Qf7 26. Qb7 Qxb7 27. Nxb7 Rb8 28. Nxd6 Bd7 29. b3 Kf8 30. Re1 Rb6 31. g4 c5 32. Nf5 Bxf5 33. gxf5 Rd6 34. Re5 Kf7 35. Kg2 Kf6 36. Re8 Kxf5 37. Re7 Rg6+ 38. Kf3 a6 39. Rc7 Ke5 40. Rxc5 Kd4 41. Rc7 Rf6+ 42.
Ke2 Re6+ 43. Kd2 Rf6 44. Ke2 Rg6 45. Kd2 h5 46. Ke2 Re6+ 47. Kd2 g5 48. Rg7 Re5 49.
Rg6 a5 50. Rh6 Rf5 51. Ke2 Re5+ 52. Kd2 h4 53. Ra6 Rf5 54. Ke2 Re5+ 55. Kd2 Ke4 56. Rxa5 Kf3 57. Ra4 Kg2 58. Rg4+ Kxh3 59. Rd4 g4 60.
Rf4 g3 61. Rxh4+ Kxh4 62. fxg3+ Kxg3 0-1

[Event "*** Titled Tuesday Blitz"]
[Site "Chess.com"]
[Date "2020.05.05"]
[Round "5"]
[White "Thjop"]
[Black "DortmundCity"]
[Result "0-1"]
[WhiteElo "2657"]
[BlackElo "2427"]
[TimeControl "180+1"]
[EndTime "10:58:36 PDT"]
[Termination "DortmundCity won by checkmate"]

1. e4 c5 2. Nf3 Nc6 3. g3 g6 4. Bg2 Bg7 5. O-O e6 6. d3 Nge7 7. h4 O-O 8. h5 d5 9. h6 Bh8 10. Nbd2 b5 11. Re1 Bb7 12. e5 Nf5 13. Nf1 Re8 14.
N1h2 f6 15. exf6 Bxf6 16. Ng4 Bh8 17. Bg5 Qd6 18. Bf6 Rf8 19. Bxh8 Kxh8 20. Qd2 Rae8 21. Nfe5 Nxe5 22. Rxe5 Nd4 23. f4 Nc6 24. Re2 Nd4 25.
Ree1 Nf5 26. Kh2 a5 27. c3 b4 28. Re5 Rf7 29. Rae1 Rfe7 30. d4 cxd4 31. cxd4 Rc8 32. Nf6 Nxh6 33. Bh3 Nf5 34. g4 Nh4 35. Kg3 g5 36.
fxg5 Ng6 37. Bg2 Ba6 38. Rh1 Nxe5 39. dxe5 Qxe5+ 40. Qf4 Qxf4+ 41. Kxf4 Rc2 42. Bf3 Rxb2 43. Ke5 Rxa2 44. g6 Rf2 45. Rh3 b3 46. Bd1 b2 47.
Rb3 Rb7 48. Rc3 b1=Q 49. Rc8+ Kg7 50. Rg8+ Kh6 51. g5+ Kxg5 52. gxh7+ Kh6 53. h8=Q+ Rh7 54. Qxh7+ Qxh7 55. Nxh7 Kxh7 56. Re8 Bc4 57. Rxe6 Rd2 58. Re7+ Kh6 59. Bg4 Kg5 60. Bf5 Re2+ 61. Kd6 Rxe7 62. Kxe7 Kxf5 63. Kd6 Ke4 64. Kc5 a4 65. Kb4 Bb3 66. Ka3 d4 67. Kb2 d3 68. Kc1 Ke3 69. Kb2 d2 70. Ka3 d1=Q 71. Kb2 Qd2+ 72. Ka3 Qc1+ 73. Kb4 a3 74. Kxb3 Kd2 75. Kb4 a2 76.
Kb5 a1=Q 77. Kb4 Qab2+ 78. Ka4 Qca1# 0-1

[Event "*** Titled Tuesday Blitz"]
[Site "Chess.com"]
[Date "2020.05.05"]
[Round "5"]
[White "Mesa_1"]
[Black "tgpgoat"]
[Result "0-1"]
[WhiteElo "2433"]
[BlackElo "2100"]
[TimeControl "180+1"]
[EndTime "10:58:39 PDT"]
[Termination "tgpgoat won by resignation"]

1. Nf3 Nf6 2. c4 g6 3. Nc3 Bg7 4. e4 d6 5. d4 O-O 6. Be2 c5 7.
O-O cxd4 8. Nxd4 Nc6 9. Be3 Bd7 10. h3 Rc8 11. Nf3 a6 12. Rc1 Ne8 13. Nd5 Nc7 14.
Bb6 Ne5 15. Nxe5 Bxe5 16. Qd2 Bc6 17. Nxc7 Rxc7 18. f4 Bg7 19. Bf3 Qd7 20. Bxc7 Qxc7 21. b3 Qb6+ 22. Kh1 Bd4 23. Rfe1 Bg7 24. Qd3 Qa5 25.
Re2 b5 26. e5 bxc4 27. bxc4 Bxf3 28. Qxf3 dxe5 29. fxe5 Bxe5 30. c5 Qc7 31. c6 Rb8 32. Rf2 Bf6 33. Qd5 Rc8 34. Rfc2 Rd8 35. Qf3 Rc8 36. Rd1 Be5 37. Rd7 Qa5 38. Qd1 Bd6 39. Rxd6 exd6 40. Qxd6 Qc7 41. Qd4 Rd8 42. Qa1 Rd6 43.
Qc1 a5 44. Rc5 a4 45. Qc2 Re6 46. Qd2 Rxc6 47. Rxc6 Qxc6 48. Qd8+ Kg7 49. Qd4+ Kf8 50. Qb4+ Kg8 51. Qb8+ Kg7 52. Qe5+ Qf6 53. Qa5 Qa1+ 54. Kh2 Qxa2 55. Qe5+ f6 56. Qa5 Qb3 57. Qc7+ Qf7 58.
Qa5 Qd7 59. Qa8 Qd6+ 60. Kh1 a3 61. Qb7+ Kf8 62. Qa8+ Kf7 63. Qa7+ Qe7 64. Qa4 Qe1+ 65. Kh2 Qe5+ 66. Kh1 Qa1+ 67. Kh2 Qe5+ 68. Kh1 Qb2 69. Qd7+ Kf8 70. Qd8+ Kg7 71. Qd7+ Kh6 72. Qe8 Qa1+ 73. Kh2 Qe5+ 0-1

[Event "*** Titled Tuesday Blitz"]
[Site "Chess.com"]
[Date "2020.05.05"]
[Round "5"]
[White "mikolka1985"]
[Black "VladimirBelous"]
[Result "1-0"]
[WhiteElo "2587"]
[BlackElo "2718"]
[TimeControl "180+1"]
[EndTime "10:58:40 PDT"]
[Termination "mikolka1985 won by resignation"]

1. d4 Nf6 2. c4 g6 3. g3 c5 4. d5 Bg7 5. Nc3 e6 6. Bg2 exd5 7. cxd5 O-O 8. Nf3 d6 9. O-O h6 10. Nd2 b6 11. a4 Na6 12. Nc4 Nc7 13. Bf4 Ba6 14.
b3 Nh5 15. Bd2 Re8 16. Re1 Nf6 17. e4 Bxc4 18. bxc4 Na6 19. f4 Nb4 20. Bf1 Qd7 21.
Rb1 Ng4 22. Kg2 Bd4 23. Nb5 Bg7 24. h3 Nf6 25. e5 dxe5 26. fxe5 Nh7 27. Bc3 a6 28.
Nd6 Rxe5 29. Rxe5 Qxd6 30. Re3 Bxc3 31. Rxc3 Re8 32. Qd2 Ng5 33. Re3 Rxe3 34. Qxe3 Nc2 35.
Qf4 Qe7 36. d6 Qb7+ 37. Kf2 Ne4+ 38. Kg1 Nd4 39. Re1 Nxd6 40. Qxd6 Nf3+ 41. Kf2 Nxe1 42. Kxe1 Qe4+ 43. Kf2 Qc2+ 44. Be2 Qxa4 45. Qxb6 Qa3 46. Qd8+ Kg7 47. Qc7 a5 48. Qe5+ Kg8 49. Bf3 Qa2+ 50. Qe2 Qxe2+ 51. Bxe2 a4 52. Bd1 a3 53. Bb3 Kg7 54. Ke3 Kf6 55. Ke4 Ke6 56. g4 f6 57. Ba2 g5 58. Bb1 f5+ 59. gxf5+ Kf6 60.
Kf3 h5 61. Ke4 Ke7 62. Ke5 h4 63. Ke4 Kf6 64. Kf3 a2 65. Bxa2 Kxf5 66. Bb1+ Ke5 67. Kg4 Kd4 68. Ba2 Kc3 69. Kxg5 Kb2 70. Kxh4 Kxa2 71. Kg4 Kb3 72. h4 Kxc4 73. h5 Kd3 74. h6 c4 75. h7 c3 76. h8=Q c2 77. Qh6 1-0

[Event "*** Titled Tuesday Blitz"]
[Site "Chess.com"]
[Date "2020.05.05"]
[Round "5"]
[White "farzadbfd"]
[Black "Chessmatus"]
[Result "0-1"]
[WhiteElo "2650"]
[BlackElo "2393"]
[TimeControl "180+1"]
[EndTime "10:58:40 PDT"]
[Termination "Chessmatus won on time"]

1. e4 e5 2. Nf3 Nc6 3. Bc4 Bc5 4. O-O Nf6 5. d3 d6 6. Re1 a6 7. c3 O-O 8. Bb3 Ba7 9. h3 h6 10. Nbd2 Nh5 11. Nf1 Qf6 12. Be3 Bxe3 13. Nxe3 Nf4 14. Nd5 Nxd5 15. Bxd5 Ne7 16. Bb3 Ng6 17. Re3 Be6 18.
d4 Nf4 19. Bxe6 fxe6 20. dxe5 dxe5 21. Nh2 Nxg2 22. Ng4 Qh4 23. Kxg2 h5 24. Rg3 hxg4 25.
Qxg4 Qxg4 26. hxg4 Rad8 27. Rf3 Rf4 28. Rxf4 exf4 29.
Kf3 Rd2 30. Kxf4 Rxb2 31. Ke5 Kf7 32. f4 Rc2 33. Kd4 b6 34. f5 Rg2 35. fxe6+ Kxe6 36. Rf1 Rxg4 37. Rf8 Rg2 38. Rc8 Kd7 39. Rg8 Ke6 40. a4 Rg5 41. Rc8 Rc5 42. Rg8 Kf7 43. Ra8 a5 44. Rd8 Ke7 45. Rg8 Rg5 46. Rc8 Kd7 47. Rf8 c5+ 48. Kc4 Rg4 49. Kd5 Rg5+ 50.
e5 Rg1 51. Rf7+ Ke8 52. Rb7 Rg6 53. e6 Rg1 54. Rxb6 Rd1+ 55. Kxc5 Ke7 56. Rb7+ Kxe6 57. Rxg7 Rd5+ 58. Kc4 Rh5 59. Ra7 Kd6 60. Ra6+ Kc7 61. Kd4 Rh4+ 62. Kc5 Rxa4 63. c4 Ra1 64. Ra7+ Kb8 65.
Rh7 Rh1 66. Kb6 Rxh7 0-1

[Event "*** Titled Tuesday Blitz"]
[Site "Chess.com"]
[Date "2020.05.05"]
[Round "5"]
[White "RaunakSadhwani2005"]
[Black "SketchyMoves"]
[Result "1/2-1/2"]
[WhiteElo "2863"]
[BlackElo "2624"]
[TimeControl "180+1"]
[EndTime "10:58:42 PDT"]
[Termination "Game drawn - insufficient material"]

1. e4 c6 2. Nf3 d5 3. Nc3 dxe4 4. Nxe4 Nf6 5. d3 Bg4 6. Be2 Nbd7 7. Ng3 e5 8. h3 Be6 9. O-O Bc5 10. Ng5 Qe7 11.
c3 O-O-O 12. Nxe6 Qxe6 13. Qb3 Rhe8 14. Qc2 Kb8 15. b4 Bb6 16. a4 e4 17. dxe4 Nxe4 18.
Bf4+ Bc7 19. Bg4 Qc4 20. Bxc7+ Kxc7 21. Bxd7 Rxd7 22. Rfe1 Rde7 23. Nf5 Re5 24. Nxg7 Rg8 25. f4 Re7 26. Nf5 Ree8 27. Re3 Nf6 28. Ne7 Nd5 29. Nxd5+ Qxd5 30. Rae1 Rxe3 31. Rxe3 h5 32. a5 Rg6 33.
Qe4 Qd1+ 34. Kh2 Qd6 35. Qe7+ Qd7 36. Qe5+ Qd6 37. Qe7+ Qd7 38. Qxd7+ Kxd7 39. Re5 h4 40.
Rh5 Rg3 41. Rxh4 Rxc3 42. Rh7 Ke7 43. Rh5 Rc4 44. b5 Rxf4 45. bxc6 bxc6 46. Rc5 Kd6 47. Rg5 c5 48. Kg3 Rf1 49. Rg8 Kc7 50. Re8 Kc6 51. h4 c4 52. Rc8+ Kb5 53. Rc7 a6 54. h5 Kb4 55. Rc6 c3 56. h6 Kb3 57. Rb6+ Ka2 58. h7 Rh1 59. Rc6 Kb2 60. Rxa6 c2 61. Rb6+ Ka2 62. Rc6 Kb1 63. a6 Rxh7 64. Rc8 Rh6 65.
a7 Ra6 66. Rb8+ Kc1 67. a8=Q Rxa8 68. Rxa8 Kd2 69. Rd8+ Ke2 70. Rc8 Kd2 71. Rd8+ Ke2 72. Rc8 Kd2 73. Kf4 c1=Q 74. Rxc1 Kxc1 75. Kf5 Kd2 76. Kf6 Ke3 77. g4 Kf4 78. g5 Kg4 79. Kxf7 Kxg5 1/2-1/2

[Event "*** Titled Tuesday Blitz"]
[Site "Chess.com"]
[Date "2020.05.05"]
[Round "5"]
[White "Vamostodorecto"]
[Black "Vusatiuk_Vladimir"]
[Result "1/2-1/2"]
[WhiteElo "2518"]
[BlackElo "2334"]
[TimeControl "180+1"]
[EndTime "10:58:43 PDT"]
[Termination "Game drawn - insufficient material"]

1. d4 Nf6 2. c4 g6 3. Nc3 d5 4.
g4 Bxg4 5. Qb3 Bc8 6. cxd5 c6 7. e4 cxd5 8. e5 Ne4 9. Qxd5 Nxc3 10. Qxd8+ Kxd8 11. bxc3 e6 12. Bg2 Nc6 13. Ne2 Kc7 14. Bg5 Be7 15. h4 h6 16. Be3 b6 17.
h5 g5 18. f4 Bb7 19. O-O Raf8 20. f5 f6 21. fxe6 fxe5 22. d5 Na5 23. Ng3 Nc4 24.
Bf2 Rf4 25. Rad1 Rhf8 26. Ne4 Nd6 27. Nxd6 Bxd6 28. Bg3 Rxf1+ 29. Rxf1 Bc5+ 30. Kh2 Rxf1 31. Bxf1 Bxd5 32. Bxe5+ Kd8 33. c4 Bxe6 34. Bg7 Bg4 35.
Bxh6 Be7 36. Kg3 Bxh5 37. Bh3 Bf7 38. Bf1 Be6 39. Kf3 Kd7 40. Ke4 Bf6 41. Be2 Kc6 42.
Bf8 Bc3 43. Kd3 Bb2 44. Ke4 g4 45. Kf4 Bc1+ 46. Kg3 Be3 47. Bxg4 Bxc4 48. Bf3+ Bd5 49.
Kg4 Bc5 50. Bg7 a5 51. Kf4 a4 52. Kg3 b5 53. Kg2 b4 54. Bxd5+ Kxd5 55. Kf3 Kc4 56. Ke2 Bd4 57. Bf8 Bc5 58. Bg7 b3 59. axb3+ Kxb3 60. Kd2 Bb4+ 61. Kc1 Ba3+ 62. Kb1 Bb4 63. Ka1 a3 64.
Bf6 a2 65. Bg7 Bd2 66. Bf6 Be3 67. Bg7 Bf4 68. Bf6 Bg5 69. Bxg5 Ka3 70. Bf6 Kb3 71.
Bb2 Kc2 72. Kxa2 1/2-1/2

[Event "*** Titled Tuesday Blitz"]
[Site "Chess.com"]
[Date "2020.05.05"]
[Round "5"]
[White "vladimirdamjanovic"]
[Black "realmadridtv"]
[Result "1/2-1/2"]
[WhiteElo "2604"]
[BlackElo "2363"]
[TimeControl "180+1"]
[EndTime "10:58:46 PDT"]
[Termination "Game drawn by stalemate"]

1. d4 Nf6 2. Bf4 d5 3. e3 c5 4.
c3 Nc6 5. Nd2 e6 6. Ngf3 cxd4 7.
exd4 Nh5 8. Bg5 f6 9. Be3 Bd6 10.
Nh4 g6 11. g3 O-O 12. Be2 Ng7 13.
c4 e5 14. dxe5 Nxe5 15. cxd5 Bh3 16. Bf1 Bg4 17. Be2 Qd7 18. O-O Bh3 19. Re1 g5 20. Nhf3 Nf5 21. Nxe5 Bxe5 22. Bg4 Nxe3 23. Bxd7 Nxd1 24.
Bxh3 Nxb2 25. Be6+ Kg7 26. Rab1 Nd3 27. Rxb7+ Kg6 28. g4 f5 29. Bxf5+ Rxf5 30. gxf5+ Kxf5 31. Re3 Nf4 32. Nf3 Bf6 33. d6 Rc8 34. Re1 Rc3 35. Rb5+ Kg4 36. Ne5+ Bxe5 37. Rbxe5 Rc2 38. d7 Nh3+ 39. Kg2 Rxf2+ 40. Kh1 Rd2 41. Re7 Nf2+ 42.
Kg1 Nh3+ 43. Kh1 Nf2+ 44. Kg2 Nh3+ 45. R1e2 Nf4+ 46. Kf2 Nxe2 47. Ke3 Rd6 48. Kxe2 h5 49. Ke3 h4 50. Ke4 Rd1 51. Ke5 Kh3 52. Kf5 g4 53. Kg5 g3 54. hxg3 hxg3 55. Kf6 g2 56. Rh7+ Kg3 57.
Rg7+ Kf2 58. Ke7 g1=Q 59. Rxg1 Kxg1 60. d8=Q Rxd8 61. Kxd8 Kf2 62. a4 Ke3 63. a5 Kd4 64. a6 Kc5 65. Kc7 Kd5 66. Kd7 Ke5 67. Kc7 Kd5 68. Kb7 Kd6 69. Kb8 Kd7 70. Kxa7 Kc7 71.
Ka8 Kc8 72. Ka7 Kc7 73. Ka8 Kc8 74. a7 Kc7 1/2-1/2

[Event "*** Titled Tuesday Blitz"]
[Site "Chess.com"]
[Date "2020.05.05"]
[Round "5"]
[White "XiaoKangZhong"]
[Black "Herracek"]
[Result "0-1"]
[WhiteElo "2317"]
[BlackElo "2599"]
[TimeControl "180+1"]
[EndTime "10:58:46 PDT"]
[Termination "Herracek won by checkmate"]

1. e4 c5 2. c3 Nf6 3. e5 Nd5 4. d4 cxd4 5. cxd4 d6 6. Nf3 Nc6 7. Bc4 Be6 8. O-O g6 9. Ng5 dxe5 10. Nxe6 fxe6 11. dxe5 Bg7 12. Nc3 Nxc3 13. bxc3 Qxd1 14. Rxd1 Kf7 15. f4 Rhd8 16. Be3 g5 17. g3 gxf4 18. gxf4 Rac8 19. f5 Rb8 20. fxe6+ Kg8 21. Rd7 Nxe5 22.
Rxd8+ Rxd8 23. Bb3 b6 24. Rc1 Rd3 25. Bg5 Nf3+ 26.
Kf2 Nxg5 27. Ke2 Rd6 28. c4 Ne4 29. c5 Nxc5 30. Bc4 Nxe6 31. Rf1 Bf6 32. Kf3 Kf8 33. Re1 Nd4+ 34. Kf4 e5+ 35. Ke4 Nc2 36. Rc1 Rd4+ 37. Kf5 Rf4+ 38. Ke6 Nd4+ 39. Kd5 Nf5 40. Re1 Ne7+ 41.
Ke6 Rxc4 42. Kxf6 e4 43. Ke5 Ra4 44. Re2 Kf7 45. Rf2+ Ke8 46. Ke6 Rc4 47. Re2 a5 48. Rb2 Rc6+ 49. Ke5 Kd7 50. Kxe4 Ke6 51. Rb5 Nc8 52.
Kd3 h6 53. Rh5 Kd7 54. Rf5 Ne7 55. Rf7 b5 56. Rf2 b4 57. Re2 Rc3+ 58. Kd4 Nc6+ 59. Kd5 Ne7+ 60. Kd4 Ra3 61. Rg2 Nf5+ 62. Ke5 Ne3 63. Re2 Nc4+ 64. Kd4 Nd6 65. Kc5 Rc3+ 66. Kd4 Nb5+ 67. Kd5 Rc6 68. Rg2 Nc3+ 69. Ke5 Rd6 70. Rg7+ Kc6 71. Ra7 Rd5+ 72. Ke6 Nxa2 73. Ra6+ Kb5 74.
Ra8 Nc3 75. Rh8 Rh5 76. Rb8+ Kc4 77. Kf6 Kb3 78. Rc8 Rxh2 79. Kg6 a4 80. Re8 a3 81. Kh7 a2 82. Kg6 a1=Q 83. Kf6 Nd5+ 84. Ke6 Qf6+ 85.
Kxd5 Rd2+ 86. Kc5 Qd6+ 87. Kb5 Rd5# 0-1

[Event "*** Titled Tuesday Blitz"]
[Site "Chess.com"]
[Date "2020.05.05"]
[Round "5"]
[White "BIG_Pirate"]
[Black "julinha97"]
[Result "1-0"]
[WhiteElo "2304"]
[BlackElo "2152"]
[TimeControl "180+1"]
[EndTime "10:58:48 PDT"]
[Termination "BIG_Pirate won by checkmate"]

1. Nf3 c5 2. c4 Nc6 3. Nc3 Nf6 4. g3 d5 5. cxd5 Nxd5 6. Bg2 Nc7 7. O-O e5 8. a3 f6 9. e3 Be6 10. d4 cxd4 11. exd4 exd4 12. Ne2 Bc5 13. b4 Bb6 14. Bb2 O-O 15. Nexd4 Nxd4 16. Nxd4 Bd5 17. Qg4 Bxg2 18.
Nf5 g6 19. Rfd1 Bd5 20. Rac1 Rc8 21. Re1 Be6 22. Nh6+ Kg7 23. Rxe6 Nxe6 24. Qxe6 Rxc1+ 25. Bxc1 Qc7 26. Bf4 Bxf2+ 27. Kxf2 Qb6+ 28. Qxb6 axb6 29. Ng4 h5 30. Ne3 Ra8 31. Nc4 b5 32. Nd6 Rxa3 33. Nxb5 Rb3 34. Bd6 g5 35. h4 g4 36. Nd4 Rb2+ 37. Ke3 Kg6 38. Ke4 f5+ 39. Nxf5 Re2+ 40.
Ne3 Kf6 41. Kd4 Re1 42. Nc4 Rg1 43. Kc5 Ke6 44. b5 Rc1 45. Bf4 Kf5 46. Kd5 Rd1+ 47.
Kc5 Ke4 48. Nd6+ Kf3 49. Kb6 Rd4 50. Kxb7 Rxf4 51. gxf4 g3 52. f5 g2 53. f6 g1=Q 54.
f7 Qg7 55. Kc7 Qf8 56. b6 Qe7+ 57. Kc6 Kg4 58. b7 Kxh4 59. b8=Q Kh3 60. f8=Q Qxf8 61.
Qxf8 h4 62. Qc8+ Kg3 63. Qg8+ Kh3 64. Ne4 Kh2 65. Qg7 Kh3 66. Nd2 Kh2 67. Nf3+ Kh3 68. Ne5 Kh2 69. Nd3 Kh3 70. Kd5 Kh2 71. Ke4 h3 72. Kf3 Kh1 73. Kf2 Kh2 74. Qg1# 1-0

[Event "*** Titled Tuesday Blitz"]
[Site "Chess.com"]
[Date "2020.05.05"]
[Round "5"]
[White "TigrVShlyape"]
[Black "vlad_Sid"]
[Result "1-0"]
[WhiteElo "2823"]
[BlackElo "2615"]
[TimeControl "180+1"]
[EndTime "10:58:49 PDT"]
[Termination "TigrVShlyape won by resignation"]

1. d4 Nf6 2. Nf3 d5 3. Bf4 c5 4.
e3 Nc6 5. Nbd2 Bf5 6. dxc5 e6 7. Nd4 Bg6 8. Bb5 Rc8 9. b4 Be7 10. Nxc6 bxc6 11. Ba6 O-O 12. O-O Ra8 13. h3 Nd7 14. Bb7 Rb8 15. Bxb8 Nxb8 16. Qe2 Bf6 17. Rac1 Bc3 18. a3 Bxd2 19. Qxd2 Qc7 20. Bxc6 Qxc6 21. c4 dxc4 22. Rxc4 Nd7 23. Rd4 Nf6 24. Rd8 Nd5 25. Rxf8+ Kxf8 26. f3 f5 27. e4 Ne7 28. Qd6 Be8 29. Rd1 Kf7 30. exf5 exf5 31. Qe5 Qa4 32. Re1 Qd7 33. a4 a6 34. b5 axb5 35. axb5 Ng6 36. Qe3 Qxb5 37. Qe6+ Kf8 38. Qxf5+ Kg8 39. Qd5+ Kf8 40.
Qd6+ Kf7 41. h4 Qc6 42. h5 Qxd6 43. cxd6 Nf4 44. Re7+ Kf8 45. h6 gxh6 46. Rxh7 Bb5 47.
Rxh6 Kf7 48. Kf2 Bd7 49. g3 Nd5 50. g4 Nf6 51. Kg3 Ng8 52. Rh2 Ke6 53. Rd2 Nf6 54.
Kf4 Nd5+ 55. Kg5 Kxd6 56. Rd4 Ke6 57. Rd1 Be8 58. f4 Ne7 59. f5+ Kf7 60. Rd6 Bb5 61. Kf4 Be2 62. g5 Bb5 63. g6+ Ke8 64. Kg5 Ba4 65. f6 Nxg6 66. Kxg6 Bc2+ 67. Kg7 Bb3 68. Rb6 1-0

[Event "*** Titled Tuesday Blitz"]
[Site "Chess.com"]
[Date "2020.05.05"]
[Round "5"]
[White "Jospem"]
[Black "SaySpade4VIP"]
[Result "1/2-1/2"]
[WhiteElo "2834"]
[BlackElo "2623"]
[TimeControl "180+1"]
[EndTime "10:58:49 PDT"]
[Termination "Game drawn by repetition"]

1. c4 e5 2. Nc3 Nc6 3. Nf3 Nf6 4. a3 Be7 5. e3 O-O 6. Qc2 Re8 7. Be2 d5 8. cxd5 Nxd5 9. O-O a5 10. d3 Bg4 11.
Bd2 Qd6 12. Rac1 Rad8 13. Qb3 Nxc3 14. Bxc3 Bf6 15. Rfe1 Bc8 16. Nd2 Qd5 17. Qc2 g6 18.
b4 axb4 19. axb4 Bg7 20. Qb1 h5 21. Ne4 b6 22. Bd2 Qd7 23. Qc2 Bb7 24. Red1 Rc8 25. Bf3 Nd8 26. Bc3 Qb5 27. h3 Ra8 28. Be1 Rc8 29. Qb1 Ba8 30. Qa2 Ne6 31. Qc4 Qd7 32.
Nd2 Bxf3 33. Nxf3 Red8 34. Bc3 Qd6 35. Qe4 Re8 36. Bxe5 Bxe5 37. Qxe5 Qd8 38. Qc3 c5 39. bxc5 bxc5 40. Qc4 Qf6 41. Nd2 Rcd8 42. Ne4 Qe5 43.
Nxc5 Rc8 44. d4 Qg5 45. Qe2 Nxc5 46. dxc5 Rxc5 47. Rxc5 Qxc5 48. Qd3 Qe7 49. Qd7 Qxd7 50. Rxd7 Kg7 51. g4 hxg4 52. hxg4 Re4 53. Rd4 Re6 54.
Kg2 Ra6 55. Kg3 Ra5 56. f4 Rb5 57. g5 Ra5 58. Rd7 Rb5 59. e4 Rb3+ 60. Kg4 Rb4 61. Kf3 Rb3+ 62. Ke2 Rb4 63. Ke3 Rb3+ 64. Rd3 Rb4 65.
Rc3 Ra4 66. Rc7 Ra3+ 67. Kd4 Ra4+ 68. Kd5 Ra5+ 69. Kd6 Ra4 70. Kd5 Ra5+ 71. Rc5 Ra7 72. Ke5 Rb7 73. Rd5 Ra7 74. f5 gxf5 75. exf5 Ra1 76. Rd7 Re1+ 77. Kf4 Rf1+ 78. Kg4 Rg1+ 79. Kf4 Rf1+ 80. Ke4 Re1+ 81. Kf4 Rf1+ 1/2-1/2

[Event "*** Titled Tuesday Blitz"]
[Site "Chess.com"]
[Date "2020.05.05"]
[Round "5"]
[White "ChessWarrior7197"]
[Black "Shota_Azaladze"]
[Result "1-0"]
[WhiteElo "2862"]
[BlackElo "2699"]
[TimeControl "180+1"]
[EndTime "10:58:51 PDT"]
[Termination "ChessWarrior7197 won by resignation"]

1. e4 g6 2. d4 Bg7 3. Nc3 c6 4. h4 d6 5. h5 e5 6. h6 Bf6 7. Nf3 Nd7 8. Be3 Be7 9. Qd2 Ngf6 10. Ng5 Ng4 11. Nf3 Nxe3 12. Qxe3 O-O 13. O-O-O Qb6 14. Bc4 exd4 15. Nxd4 Ne5 16. Bb3 Ng4 17. Qd2 Qc5 18. f4 b5 19. Kb1 a5 20. Nxc6 Qxc6 21.
Bd5 Qa6 22. Bxa8 Qxa8 23. Nd5 Bd8 24. Qc3 f6 25. Rhe1 Nxh6 26. e5 dxe5 27. fxe5 fxe5 28. Qxe5 Nf7 29. Qd4 b4 30. Rf1 Be6 31. Nf6+ Bxf6 32. Qxf6 Qc8 33. Rf2 Bf5 34. Qe7 Nh6 35. Rfd2 Nf7 36.
Qa7 Qc4 37. Qxa5 Rc8 38. Rc1 h5 39. Qa7 Ng5 40. Qe7 Ne4 41. Rd8+ Rxd8 42. Qxd8+ Kf7 43. Rd1 Nc5 44. Qc7+ Kf6 45. Qd8+ Kg7 46. Qe7+ Kh6 47. Qe3+ Kh7 48. Rc1 Ne4 49. Re1 Kg7 50.
g3 Qc7 51. Qd4+ Kh6 52. Rg1 Ng5 53. Qh8+ Nh7 54. Qd4 Qxc2+ 55. Ka1 b3 56. axb3 Ng5 57.
Qh8+ Nh7 58. Qc3 Qe4 59. b4 Qa8+ 60. Qa3 Qe4 61. Rc1 Ng5 62. b5 Qb7 63. Qf8+ Kh7 64. Qc5 Ne6 65. Qb4 Qa7+ 66. Qa3 Qe3 67. Qxe3 Kg7 68.
b6 Kf6 69. Rc6 g5 70. b7 h4 71. b8=Q h3 72. Qbe5+ Kg6 73. Rxe6+ Bxe6 74. Qxe6+ 1-0

[Event "*** Titled Tuesday Blitz"]
[Site "Chess.com"]
[Date "2020.05.05"]
[Round "5"]
[White "MartinCerveny"]
[Black "kpio91"]
[Result "1-0"]
[WhiteElo "2598"]
[BlackElo "2749"]
[TimeControl "180+1"]
[EndTime "10:58:51 PDT"]
[Termination "MartinCerveny won on time"]

1. d4 Nf6 2. Nf3 g6 3. c4 Bg7 4. Nc3 O-O 5. Bg5 d6 6. e3 c6 7.
Be2 Nbd7 8. O-O Qc7 9. a4 a5 10.
Qc2 e5 11. Rad1 Re8 12. Rfe1 Nf8 13. c5 exd4 14. cxd6 Qxd6 15. Rxd4 Qe7 16. Rd2 Ne6 17. Bh4 Nc5 18. Nd4 Qf8 19. Bf3 Ng4 20. Bxg4 Bxg4 21. f3 Be6 22. Nxe6 Rxe6 23. e4 Rae8 24. Red1 Na6 25.
Rd8 Qb4 26. Rxe8+ Rxe8 27. Bf2 Qc4 28. Rd7 Nc5 29. Rd1 h5 30. g3 Ne6 31. Kg2 h4 32. Rd7 hxg3 33. hxg3 Ng5 34. Qd2 Qe6 35. g4 Qf6 36.
Qe3 b5 37. Bg3 b4 38. Nd1 Qe6 39. Rd6 Qe7 40. b3 Ne6 41. Nf2 c5 42. e5 c4 43.
bxc4 Qc7 44. f4 Qxc4 45. f5 gxf5 46. gxf5 Nc7 47. f6 Ne6 48. fxg7 b3 49. Rd1 Qc6+ 50.
Qf3 Qxf3+ 51. Kxf3 Rb8 52. Rb1 Kxg7 53. Nd3 Kg6 54.
Ke4 Ng5+ 55. Kd4 Kf5 56. Bf2 Ne6+ 57. Kc3 Rc8+ 58. Kxb3 Ke4 59. Nb2 Kxe5 60. Nc4+ Kd5 61. Nxa5 Rb8+ 62. Kc2 Ra8 63. Rb5+ Ke4 64. Bb6 f5 65.
Kb3 f4 66. Kb4 f3 67. Nb3 Nf4 68. Nc5+ Kf5 69. Nd3+ Kg4 70. Nxf4 Kxf4 71. a5 Kg3 72. Rf5 Kg4 73. Rf7 Rc8 74. Kb5 Rc1 75. a6 Rb1+ 76.
Kc6 Ra1 77. Kb7 1-0